 Dungeon Crawl Stone Soup version 0.30-a0-840-ga523dec638 (webtiles) character file.

Game seed: 3809005443052228734

183 iguanaiguana the Digger (level 5, -2/40 HPs)
             Began as an Armataur Earth Elementalist on Mar 2, 2023.
             Slain by an orc wizard
             ... wielding a +0 dagger
              (3 damage)
             ... on level 5 of the Dungeon.
             The game lasted 00:10:40 (708 turns).

iguanaiguana the Digger (AtEE)                       Turns: 708, Time: 00:10:40

Health: -2/40      AC:  4    Str: 11 (13) XL:     5   Next: 35%
Magic:  0/7        EV:  9    Int: 12 (18) God:
Gold:   63         SH:  0    Dex:  8 (10) Spells: 0/7 levels left

rFire   . . .      SeeInvis .    k - +2 dagger (holy)
rCold   . . .      Faith    .    (no shield)
rNeg    . . .      Spirit   .    a - +0 robe
rPois   .          Reflect  .    (no helmet)
rElec   .          Harm     .    g - scarf {repulsion}
rCorr   .          Roll     +    (no gloves)
Will    .....                    (no barding)
Stlth   ++                       (no amulet)
HPRegen 0.26/turn                (no ring)
MPRegen 0.10/turn                (no ring)

@: repel missiles
A: large, rugged brown scales 3, deformed body, armoured tail, roll, long
tongue, awkward tongue
a: no special abilities


You were on level 5 of the Dungeon.
You visited 1 branch of the dungeon, and saw 5 of its levels.

You collected 63 gold pieces.

Inventory:

Hand Weapons
 c - a +0 sling
 k - a +2 dagger of holy wrath (weapon)
Armour
 a - a +0 robe (worn)
 f - a +0 ring mail
 g - a scarf of repulsion (worn)
Magical Staves
 d - a staff of poison
Scrolls
 e - a scroll of blinking {@r4}
 i - a scroll of fear {unknown}
Potions
 b - 2 potions of magic
 h - a potion of flight
 l - a potion of invisibility


   Skills:
 - Level 1.3 Dodging
 - Level 2.1 Stealth
 - Level 1.7 Spellcasting
 - Level 0.8 Transmutations
 + Level 5.6 Earth Magic


You couldn't memorise any spells.
You knew the following spells:

 Your Spells              Type           Power      Damage    Failure   Level
a - Sandblast             Erth           28%        2d8       2%          1
b - Apportation           Tloc           2%         N/A       28%         1
c - Passwall              Tmut/Erth      6%         N/A       11%         2
d - Stone Arrow           Conj/Erth      14%        3d7       26%         3

Your spell library contained the following spells:

 Spells                   Type           Power      Damage    Failure   Level
 Foxfire                  Conj/Fire      4%         2x1d4     28%         1
 Necrotise                Necr           4%         1d4       28%         1
 Summon Small Mammal      Summ           4%         N/A       28%         1
 Petrify                  Tmut/Erth      8%         N/A       58%         4
 Fireball                 Conj/Fire      0%         3d3       100%        5
 Starburst                Conj/Fire      0%         6d3       100%        6


Dungeon Overview and Level Annotations

Branches:
Dungeon (5/15) Zot: 26933
 Temple: D:4-7

Altars:

Shops:
D:4 *


Innate Abilities, Weirdness & Mutations

You are completely covered in rugged brown scales. (AC +3, +7% HP)
Armour fits poorly on your strangely shaped body.
You have a long armoured tail.
You roll when moving toward enemies. (Rampage)
Your long tongue fully drains potion bottles. (2x potion effects)
Your tongue gives you trouble enunciating. (1.5x scroll delay)


Message History

You bump into the rock wall.
Something hits you.
* * * LOW HITPOINT WARNING * * *
You are too confused!
You bump into the rock wall.
Something hits you.
* * * LOW HITPOINT WARNING * * *
You bump into the rock wall.
Something hits you.
* * * LOW HITPOINT WARNING * * *
Okay, then.
You bump into the rock wall.
You feel less confused.
You hear some strange, mumbled words.
A puff of flame appears from out of thin air!
The puff of flame is repelled.
You miss something. You barely miss something.
Your tail-slap misses something.
You hear some strange, mumbled words.
Something tries to affect you, but you resist.
You closely miss something.
Your tail-slap misses something.
You miss something.
Your tail-slap misses something.
You hit something but do no damage.
Your tail-slap misses something.
You hear some strange, mumbled words.
A puff of flame appears from out of thin air!
The puff of flame hits you.
* * * LOW HITPOINT WARNING * * *
You miss something.
Your tail-slap misses something.
Something hits you.
* * * LOW HITPOINT WARNING * * *
Casting: Sandblast (safe; 2% risk of failure)
Confirm with . or Enter, or press ? or * to list all spells.
Aiming: Sandblast (safe; 2% risk of failure)
Press: ? - help, Shift-Dir - straight line Something hits you.
* * * LOW HITPOINT WARNING * * *
Casting: Sandblast (safe; 2% risk of failure)
Confirm with . or Enter, or press ? or * to list all spells.
Aiming: Sandblast (safe; 2% risk of failure)
Press: ? - help, Shift-Dir - straight line Something hits you.
* * * LOW HITPOINT WARNING * * *
You barely miss something. Something hits you.
You die...

.........[...
#.......o..
#....).....
#.....o...#
##........# #........#
#........#
######.###..[.##
.......){@......#
.....##.######..#.##..
.... #.....<.........#
... #####.#####...#.#
.. #. .>.# . ## ###


There were no monsters in sight!

Vanquished Creatures
  A phantom (D:4)
  A hound (D:4)
  An iguana (D:4)
  3 adders
  A worm (D:4)
  5 orcs
  A ball python (D:4)
  5 endoplasms
  A giant cockroach (D:3)
  2 goblins (D:4)
  A kobold (D:1)
  2 quokkas (D:4)
  2 rats
26 creatures vanquished.

Notes
Turn   | Place    | Note
-------+----------+-------------------------------------------
     0 | D:1      | iguanaiguana the Armataur Earth Elementalist began the
                  | quest for the Orb.
     0 | D:1      | Reached XP level 1. HP: 14/14 MP: 3/3
    59 | D:2      | Learned a level 1 spell: Apportation
    63 | D:2      | Reached skill level 3 in Earth Magic
   212 | D:4      | Noticed a hound
   217 | D:4      | Killed a hound
   218 | D:4      | Reached XP level 2. HP: 19/21 MP: 0/4
   218 | D:4      | Reached XP level 3. HP: 25/27 MP: 0/5
   221 | D:4      | Learned a level 2 spell: Passwall
   260 | D:4      | Reached skill level 4 in Earth Magic
   381 | D:4      | Reached XP level 4. HP: 35/35 MP: 2/6
   475 | D:4      | Noticed a phantom
   534 | D:4      | Killed a phantom
   535 | D:4      | Reached skill level 5 in Earth Magic
   535 | D:4      | Reached XP level 5. HP: 31/40 MP: 7/7
   542 | D:4      | Learned a level 3 spell: Stone Arrow
   597 | D:4      | Found Voluk's Lightly-Used Armoury.
   649 | D:5      | Entered Level 5 of the Dungeon
   707 | D:5      | HP: 1/40 [something (2)]
   708 | D:5      | Slain by an orc wizard

Illustrated notes

Levels and vault maps discovered:
D:1:      roderic_chinese_lattice_arrival, layout_rooms, glass_columns_b
D:2:      layout_basic, uniq_sigmund
D:3:      layout_basic, mainiacjoe_overflow_surrounded_room, uniq_jessica
D:4:      layout_cave_pods, nrook_mini_vaults, minmay_shop_damaged,
          minmay_distorted
D:5:      layout_basic, grunt_nemelex_the_gamble

Skill      XL: |  1  2  3  4 |
---------------+-------------+-----
Earth Magic    | 3 4 5 |  5.6
Dodging        | |  1.3
Stealth        | |  2.1
Spellcasting   | |  1.7
Transmutations | |  0.8

Action                     |  1- 3 |  4- 6 || total
---------------------------+-------+-------++-------
  Melee: Staff             |     3 |       ||     3
         Dagger            |       |    31 ||    31
         Tailslap          |       |     2 ||     2
   Cast: Sandblast         |    22 |    26 ||    48
    Use: Scroll            |       |     3 ||     3
         Potion            |       |     2 ||     2
 Armour: Robe              |     1 |    20 ||    21
  Dodge: Dodged            |     5 |    18 ||    23
         Repelled          |       |     2 ||     2

Table legend: (Time is in decaauts)
 A = Elapsed time spent in this place.
 B = Non-inter-level travel time spent in this place.
 C = Inter-level travel time spent in this place.
 D = Time resting spent in this place.
 E = Time spent auto-exploring this place.
 F = Levels seen in this place.
 G = Mean time per level.
                   A        B        C        D        E       F      G
               +--------+--------+--------+--------+--------+-----+--------+
         Total |    731 |    687 |     44 |      0 |      0 |   5 |  146.2 |
       Dungeon |    731 |    687 |     44 |      0 |      0 |   5 |  146.2 |
               +--------+--------+--------+--------+--------+-----+--------+

Top non-repeatable levels by time:
     D:4: 452 daAuts
     D:3: 135 daAuts
     D:5: 65 daAuts
     D:1: 52 daAuts
     D:2: 25 daAuts
